 Dungeon Crawl Stone Soup version 0.25.0-41-g26779e291d (webtiles) character file.

Game seed: 10877979817187472014

35 Ethylacetat the Stinger (level 3, -11/21 HPs)
             Began as an Octopode Venom Mage on July 10, 2020.
             Mangled by Sigmund
             ... wielding a +0 scythe
              (12 damage)
             ... on level 2 of the Dungeon.
             The game lasted 00:02:14 (1070 turns).

Ethylacetat the Stinger (Octopode Venom Mage)       Turns: 1070, Time: 00:02:15

Health: -11/21     AC:  1    Str:  7    XL:     3   Next: 35%
Magic:  3/6        EV: 13    Int: 24    God:
Gold:   32         SH:  0    Dex: 12    Spells: 5/6 levels left

rFire    . . .     SeeInvis .   (no weapon)
rCold    . . .     Gourm    .   (no shield)
rNeg     . . .     Faith    .   (helmet restricted)
rPois    .         Spirit   .   (no amulet)
rElec    .         Reflect  .   f - +6 ring of intelligence
rCorr    .         Harm     .   (no ring)
MR       .....                  (no ring)
Stlth    ++........             (no ring)
HPRegen  0.07/turn              (no ring)
MPRegen  0.10/turn              (no ring)
                                (no ring)
                                (no ring)

@: confused
A: almost no armour, stealthy swim, amphibious, 8 rings, constrict 8, camouflage
1, gelatinous body 1
a: no special abilities


You were on level 2 of the Dungeon.
You were not hungry.

You visited 1 branch of the dungeon, and saw 2 of its levels.

You collected 32 gold pieces.

Inventory:

Jewellery
 f - a +6 ring of intelligence (left tentacle)
Scrolls
 a - 2 scrolls of identify {unknown}
 e - a scroll of fog {unknown}
 g - 4 scrolls of remove curse {unknown}
 h - a scroll of magic mapping {unknown}
Potions
 c - a potion of resistance {unknown}
 i - a potion of haste {unknown}
 j - a potion of might {unknown}
Comestibles
 b - 3 rations
 d - 6 chunks of flesh


   Skills:
 - Level 2.0 Dodging
 - Level 2.6 Stealth
 + Level 2.3 Spellcasting
 * Level 2.1 Transmutations
 * Level 4.3 Poison Magic


You had 5 spell levels left.
You knew the following spells:

 Your Spells              Type           Power        Failure   Level  Hunger
a - Sting                 Tmut/Pois      ###.         3%          1    None

Your spell library contained the following spells:

 Spells                   Type           Power        Failure   Level  Hunger
 Poisonous Vapours        Pois/Air       ##....       8%          2    ##.....
 Ignite Poison            Fire/Tmut/Pois ##......     14%         3    ###....
 Mephitic Cloud           Conj/Pois/Air  #.......     19%         3    ###....
 Olgreb's Toxic Radiance  Pois           ###.....     21%         4    ####...


Dungeon Overview and Level Annotations

Branches:
Dungeon (2/15)

Altars:

Annotations:
D:2 Sigmund


Innate Abilities, Weirdness & Mutations

You cannot wear most types of armour.
You are very stealthy in the water. (Stealth+)
You are amphibious.
You can wear up to eight rings at the same time.
You can use your tentacles to constrict eight enemies at once.
Your skin changes colour to match your surroundings (Stealth+).
Your rubbery body absorbs attacks. (AC +1, EV +1)


Message History

Sigmund is moderately wounded.
Sigmund casts a spell at you.
You are confused.
You're too confused to cast spells.
Unknown command.
Unknown command.
Sigmund casts a spell at you. The magic dart hits you.
The hobgoblin misses you.
You see here a +0 dagger.
The hobgoblin completely misses you.
Sigmund hits you from afar with a +0 scythe!
Ouch! That really hurt!
* * * LOW HITPOINT WARNING * * *
The hobgoblin hits you with a +0 club.
* * * LOW HITPOINT WARNING * * *
Found 15 gold pieces.
Sigmund hits you from afar with a +0 scythe!
Ouch! That really hurt!
You die...

...............#
......###.(####
......##.%## .##
##...##...#
....##....(...#
#...........#
#..#.@).....# #
##.g.....#
#..@....#
#........#
##..####.# #..#
... #..# #. #...
#$#. #. .


You could see Sigmund (poisoned) and a hobgoblin.

Vanquished Creatures
  An adder (D:2)
  A worm (D:2)
  A dart slug (D:2)
  A leopard gecko (D:2)
  A giant cockroach (D:1)
  4 goblins
  3 hobgoblins (D:1)
  3 kobolds
  A quokka (D:2)
  A frilled lizard (D:1)
  2 rats (D:1)
19 creatures vanquished.

Notes
Turn   | Place    | Note
-------+----------+-------------------------------------------
     0 | D:1      | Ethylacetat the Octopode Venom Mage began the quest for the
                  | Orb.
     0 | D:1      | Reached XP level 1. HP: 11/11 MP: 3/3
   382 | D:1      | Reached XP level 2. HP: 17/17 MP: 1/5
   455 | D:1      | Reached skill level 4 in Poison Magic
   866 | D:2      | Reached XP level 3. HP: 21/21 MP: 2/6
  1057 | D:2      | Noticed Sigmund
  1069 | D:2      | HP: 1/21 [hobgoblin/+0 club (2)]
  1070 | D:2      | Mangled by Sigmund

Illustrated notes

Levels and vault maps discovered:
D:1:      nzn_arrival_crosshair, layout_loops_ring
D:2:      layout_rooms, uniq_sigmund

Skill      XL: |  1  2  3 |
---------------+----------+-----
Poison Magic   | 4 |  4.3
Transmutations | 2 |  2.1
Dodging        | |  2.0
Stealth        | |  2.6
Spellcasting   | |  2.3

Action                   || total
-------------------------++-------
Melee: Unarmed           ||    17
       Constrict         ||     6
       Tentacles         ||     1
 Cast: Sting             ||    31
Armor: Skin              ||     1
Dodge: Dodged            ||    20
